AoeStats
← Launger

Oasis

509988537Analyzed
4v4 RM · 5d ago on Sep 28, 2026· 32m 2s· 8 players
Game mode
Random Map
Map size
Large (8 player)
Population
200
Speed
Normal
Resources
Standard
Victory
Conquest
Starting age
Dark Age
Ending age
Imperial Age
RankedLock teamsTeams togetherTeam positionsShared explorationLock speedFull tech treeHidden civsTurbo modeCheats
Victory
Defeat
🇨🇦 Varangians · Canada
1245
+14
🇨🇳 Ethiopians · China
1192
+16
🇵🇱 Mongols · Poland
1180
+17
🇺🇸 Koreans · United States
1149
+17
🇺🇸 Magyars · United States
1221
-17
🇨🇦 Varangians · Canada
1219
-17
🇺🇸 Danes · United States
1194
-16
🇨🇴 Tatars · Colombia
1140
-14
S.enpaii
10:13 Feudal Age
8:34 Loom
14:23 Castle Age
12:47 Double-Bit Axe
13:20 Horse Collar
15:42 Bow Saw
19:52 Bloodlines
22:40 Scale Barding Armor
25:38 Chain Barding Armor
26:06 Forging
31:03 Wheelbarrow
Zangytangy
6:15 Loom
10:14 Feudal Age
13:18 Double-Bit Axe
13:15 Horse Collar
23:25 Castle Age
24:05 Pikeman
Unknowncmbk
0:36 Loom
10:36 Feudal Age
15:44 Castle Age
14:21 Horse Collar
14:29 Double-Bit Axe
14:52 Scale Mail Armor
19:05 Bow Saw
24:05 Heavy Plow
24:07 Gold Mining
24:12 Stone Mining
28:00 Wheelbarrow
28:02 Arson
28:18 Squires
28:36 Chain Mail Armor
29:26 Pikeman
32:15 Hand Cart
31:46 Town Watch
Cookie Monster
1:33 Loom
13:19 Feudal Age
20:08 Castle Age
18:38 Gold Mining
18:36 Double-Bit Axe
19:10 Fletching
21:06 Bodkin Arrow
26:20 Bow Saw
29:13 Gold Shaft Mining
Chef
4:54 Loom
11:03 Feudal Age
14:00 Fletching
19:48 Castle Age
20:37 Thumb Ring
19:57 Crossbowman
20:50 Bodkin Arrow
24:09 Ballistics
27:08 Thumb Ring
29:39 Double-Bit Axe
33:33 Imperial Age
EightyNine
6:12 Loom
9:11 Feudal Age
9:55 Double-Bit Axe
9:52 Horse Collar
12:00 Bloodlines
12:50 Bloodlines
16:53 Wheelbarrow
16:54 Forging
16:50 Scale Barding Armor
22:00 Castle Age
21:50 Gold Mining
23:02 Husbandry
23:29 Chain Barding Armor
22:32 Light Cavalry
24:07 Bow Saw
24:00 Heavy Plow
31:53 Iron Casting
Launger
10:03 Feudal Age
13:56 Castle Age
13:17 Double-Bit Axe
19:15 Fletching
19:27 Padded Archer Armor
21:45 Loom
23:34 Wheelbarrow
23:29 Gold Mining
24:20 Bow Saw
26:15 Gold Shaft Mining
26:19 Hand Cart
27:29 Stone Mining
30:59 Imperial Age
29:30 Ballistics
29:07 Bodkin Arrow
30:54 Town Watch
31:23 Capped Ram
32:33 Parthian Tactics
33:27 Chemistry
32:29 Bracer
乌兰巴托
11:29 Feudal Age
10:48 Loom
13:01 Fletching
13:52 Padded Archer Armor
16:50 Castle Age
17:31 Crossbowman
18:16 Bodkin Arrow
27:08 Horse Collar
27:17 Double-Bit Axe
27:55 Ballistics
28:55 Leather Archer Armor
30:12 Bow Saw
31:08 Wheelbarrow
31:47 Thumb Ring
32:30 Hand Cart
Connection lost

Rejoining the realm…

Still unreachable

The connection could not be restored.

Session expired

The server has moved on; the page needs a fresh start.